[Event "ICC tourney 2069 (15 5)"]
[Site "Internet Chess Club"]
[Date "2020.10.18"]
[Round "7"]
[White "meiyab"]
[Black "rhohn"]
[Result "0-1"]
[ICCResult "White resigns"]
[WhiteElo "1457"]
[BlackElo "1005"]
[Opening "QGD: semi-Slav, Noteboom variation"]
[ECO "D30"]
[NIC "QP.08"]
[Time "18:03:12"]
[TimeControl "900+5"]

1. d4 d5 2. c4 e6 3. Nf3 c6 4. Nc3 dxc4 5. e3 b5 6. a4 Bb4 7. axb5 cxb5 8.
Bd2 Bxc3 9. Bxc3 Bb7 10. b3 a5 11. bxc4 b4 12. Bb2 Nf6 13. c5 O-O 14. Bb5
Bc6 15. Bxc6 Nxc6 16. O-O Qd5 17. Ne5 Nxe5 18. dxe5 Qxd1 19. Rfxd1 Nd5 20.
e4 Nc7 21. Rd7 Nb5 22. Rb7 Nc3 23. Bxc3 bxc3 24. Rc1 Rfd8 25. f3 Rd3 26. Rb3
a4 27. Rbxc3 Rxc3 28. Rxc3 a3 29. Rc1 a2 30. Ra1 Kf8 31. Kf2 Ke8 32. Ke2 Kd7
33. Kd2 Kc6 34. Kc3 Kxc5 35. Kb3 Kd4 36. Rxa2 Rxa2 37. Kxa2 Ke3 38. Kb3 Kf2
39. Kc3 Kxg2 40. f4 Kxh2 41. Kd3 Kg3 42. Ke3 h5 43. f5 h4 44. f6 gxf6 45.
exf6 h3 {White resigns} 0-1

[Event "ICC tourney 2069 (15 5)"]
[Site "Internet Chess Club"]
[Date "2020.10.18"]
[Round "7"]
[White "AdityaBang"]
[Black "arya2"]
[Result "0-1"]
[ICCResult "White checkmated"]
[WhiteElo "1395"]
[BlackElo "1823"]
[Opening "Scandinavian gambit"]
[ECO "B01"]
[NIC "SD.03"]
[Time "18:03:08"]
[TimeControl "900+5"]

1. e4 d5 2. exd5 Nf6 3. c4 c6 4. dxc6 Nxc6 5. Nf3 e5 6. d3 Bf5 7. Be2 Qd7 8.
O-O O-O-O 9. a3 Bxd3 10. b4 e4 11. Nfd2 h6 12. b5 Ne5 13. Nc3 Qe6 14. Bxd3
Rxd3 15. Qc2 Qg4 16. Bb2 Nf3+ 17. Nxf3 exf3 18. g3 Qh3 19. Qxd3 Qg2#
{White checkmated}
0-1

[Event "ICC tourney 2069 (15 5)"]
[Site "Internet Chess Club"]
[Date "2020.10.18"]
[Round "7"]
[White "saathvikdasari"]
[Black "Hydra88"]
[Result "1-0"]
[ICCResult "Black resigns"]
[WhiteElo "1391"]
[BlackElo "1476"]
[Opening "French: exchange variation"]
[ECO "C01"]
[NIC "FR.01"]
[Time "18:02:40"]
[TimeControl "900+5"]

1. e4 e6 2. d4 d5 3. exd5 exd5 4. Nf3 Nf6 5. Bd3 Be7 6. O-O O-O 7. Bg5 Bg4
8. h3 Bxf3 9. Qxf3 h6 10. Bh4 c6 11. Nd2 Nbd7 12. Rfe1 Re8 13. c3 Qb6 14. b3
Bd6 15. a4 Rxe1+ 16. Rxe1 Qa5 17. Nf1 Kh8 18. Bc2 Qc7 19. Bg3 Bxg3 20. Nxg3
Qd6 21. Nf5 Qf8 22. Qd3 Re8 23. Rxe8 Qxe8 24. Qe3 Qxe3 25. fxe3 Ne8 26. e4
dxe4 27. Bxe4 Ndf6 28. Bf3 h5 29. Kf2 g6 30. Ne3 Nd6 31. Ke2 Nde4 32. Kd3
Ng5 33. Nc4 Nxf3 34. gxf3 Nd5 35. Nd6 Kg7 36. Nxb7 Nf4+ 37. Ke3 Nxh3 38. Na5
Ng5 39. Nxc6 h4 40. Nxa7 h3 41. Kf2 Kf6 42. Nb5 Ke6 43. a5 Kd7 44. a6 Kc6
45. d5+ Kb6 46. a7 Kb7 47. d6 Ne6 48. Nc7 Kxa7 49. Nxe6 Kb7 50. d7 h2 51.
Kg2 fxe6 52. d8=Q {Black resigns} 1-0

[Event "ICC tourney 2069 (15 5)"]
[Site "Internet Chess Club"]
[Date "2020.10.18"]
[Round "7"]
[White "Ojas2020"]
[Black "danielbest"]
[Result "0-1"]
[ICCResult "White checkmated"]
[WhiteElo "1375"]
[BlackElo "1513"]
[Opening "Queen's pawn game"]
[ECO "E20"]
[NIC "QP.07"]
[Time "18:03:11"]
[TimeControl "900+5"]

1. d4 Nf6 2. c4 e6 3. Nc3 c6 4. e4 d5 5. cxd5 cxd5 6. e5 Nfd7 7. Nf3 Nc6 8.
Bb5 a6 9. Bxc6 bxc6 10. O-O c5 11. Be3 cxd4 12. Bxd4 Be7 13. Qe2 O-O 14. h3
Bb7 15. Rad1 Nb6 16. b3 Rc8 17. Qe3 Nd7 18. Na4 Qa5 19. Bb6 Nxb6 20. Qxb6
Qxb6 21. Nxb6 Rc6 22. Na4 Rfc8 23. Nd4 R6c7 24. Nb6 Rd8 25. Rc1 Bc5 26. Na4
Rdc8 27. Nf3 Bxf2+ 28. Kxf2 Rxc1 29. Ne1 Bc6 30. Nb2 Bb5 31. Rg1 f6 32. a4
Bd7 33. Nbd3 R1c3 34. exf6 gxf6 35. g4 Rxb3 36. g5 Kf7 37. gxf6 Kxf6 38. Rg3
Bxa4 39. Rf3+ Ke7 40. Kg3 Rcc3 41. Kg4 Bb5 42. Kf4 Bxd3 43. Rg3 Rc4+ 44. Kg5
Bc2 45. Rg2 Be4 46. Rf2 Rb8 47. Nf3 Rg8+ 48. Kh6 Bxf3 49. Rxf3 Rh4#
{White checkmated}
0-1

[Event "ICC tourney 2069 (15 5)"]
[Site "Internet Chess Club"]
[Date "2020.10.18"]
[Round "7"]
[White "Jets"]
[Black "fdhamija"]
[Result "1-0"]
[ICCResult "Black checkmated"]
[WhiteElo "1580"]
[BlackElo "1320"]
[Opening "English, Nimzovich variation"]
[ECO "A20"]
[NIC "EO.25"]
[Time "18:03:07"]
[TimeControl "900+5"]

1. c4 e5 2. Nf3 Nc6 3. g3 Nf6 4. Bg2 Bc5 5. Nc3 d6 6. a3 a5 7. O-O O-O 8.
Rb1 Be6 9. d3 Re8 10. Bg5 h6 11. Bxf6 Qxf6 12. Ne4 Qe7 13. Nxc5 dxc5 14. e3
Rad8 15. Qb3 Rb8 16. Nd2 Bd7 17. Ne4 f6 18. Nc3 b6 19. Nb5 Qd8 20. Rbd1 Ne7
21. d4 cxd4 22. exd4 exd4 23. Nxd4 Qc8 24. c5+ Kh8 25. c6 Bh3 26. Bxh3 Qxh3
27. Qf7 Qc8 28. Nb5 Nxc6 29. Rd7 Ne5 30. Qxg7# {Black checkmated} 1-0

[Event "ICC tourney 2069 (15 5)"]
[Site "Internet Chess Club"]
[Date "2020.10.18"]
[Round "7"]
[White "swathivjdp"]
[Black "alanl"]
[Result "0-1"]
[ICCResult "White resigns"]
[WhiteElo "1380"]
[BlackElo "1766"]
[Opening "Sicilian defense"]
[ECO "B30"]
[NIC "SI.31"]
[Time "18:03:37"]
[TimeControl "900+5"]

1. e4 c5 2. Nf3 Nc6 3. Bc4 g6 4. Nc3 Bg7 5. d3 d6 6. h3 Nf6 7. Be3 O-O 8.
O-O a6 9. a4 Bd7 10. Re1 Qc7 11. Bb3 b5 12. axb5 axb5 13. Nxb5 Qb6 14. Na3
Na5 15. Nc4 Nxc4 16. dxc4 Nxe4 17. Rxa8 Rxa8 18. Bd4 Bxd4 19. Nxd4 cxd4 20.
Rxe4 e5 21. Kf1 Qc5 22. f4 Be6 23. fxe5 dxe5 24. Qd3 f5 25. Re1 e4 26. Qe2
Rb8 27. g4 d3 28. cxd3 Rxb3 29. dxe4 Bxc4 {White resigns} 0-1

[Event "ICC tourney 2069 (15 5)"]
[Site "Internet Chess Club"]
[Date "2020.10.18"]
[Round "7"]
[White "Futurebus"]
[Black "arjun-venkat"]
[Result "1-0"]
[ICCResult "Black resigns"]
[WhiteElo "1453"]
[BlackElo "1341"]
[Opening "Ruy Lopez: Berlin defense, Beverwijk variation"]
[ECO "C64"]
[NIC "RL.01"]
[Time "18:02:47"]
[TimeControl "900+5"]

1. e4 e5 2. Nf3 Nc6 3. Bb5 Bc5 4. O-O Nf6 5. d3 O-O 6. Bxc6 dxc6 7. Nxe5 Re8
8. Nf3 Ng4 9. d4 Bb6 10. Nc3 Nf6 11. e5 Nd5 12. Ne4 Bf5 13. Ng3 Bg6 14. Re1
Nb4 15. Ne4 Bxe4 16. Rxe4 Qd5 17. Re1 f6 18. c3 Na6 19. exf6 gxf6 20. Bf4 c5
21. dxc5 Qxd1 22. Raxd1 Nxc5 23. g3 Ne4 24. Be3 Bxe3 25. Rxe3 Nd6 26. Rde1
Kf7 27. Nd4 Nc4 28. Rxe8 Rxe8 29. Rxe8 Kxe8 30. b3 Nd6 31. f3 Ke7 32. Kf2 b6
33. Ke3 c5 34. Ne2 Ke6 35. Nf4+ Kf5 36. g4+ Ke5 37. Nd3+ Ke6 38. c4 f5 39.
g5 Nf7 40. h4 Ne5 41. Nf4+ Kf7 42. h5 Kg7 43. Ne6+ Kf7 44. Nc7 Ke7 45. Nb5
a5 46. Nc7 Kd6 47. Nd5 Nf7 48. g6 hxg6 49. hxg6 Nh6 50. Nxb6 Ke6 51. Na4 Kf6
52. Nxc5 Kxg6 53. Nb7 Kf6 54. Nxa5 Ke6 55. b4 Kd6 56. a4 Nf7 57. Kd4 Ng5 58.
c5+ Kc7 59. Ke3 Ne6 60. Nc4 Kc6 61. Nd6 Kd5 62. Nxf5 Kc4 63. c6 Kxb4 64. Nd4
Nc7 65. Nb5 Ne8 66. c7 Nxc7 67. Nxc7 Kxa4 68. f4 Kb4 69. Kd4 {Black resigns}
1-0

[Event "ICC tourney 2069 (15 5)"]
[Site "Internet Chess Club"]
[Date "2020.10.18"]
[Round "7"]
[White "betterone76"]
[Black "Tinky"]
[Result "1/2-1/2"]
[ICCResult "Game drawn because neither player has mating material"]
[WhiteElo "1795"]
[BlackElo "1370"]
[Opening "Philidor: exchange variation"]
[ECO "C41"]
[NIC "KP.08"]
[Time "18:02:50"]
[TimeControl "900+5"]

1. e4 e5 2. Nf3 d6 3. d4 exd4 4. Qxd4 Nf6 5. Nc3 Be7 6. Bc4 O-O 7. h3 Nc6 8.
Qd1 Be6 9. Bb3 a6 10. Be3 b5 11. Nd4 Nxd4 12. Bxd4 c5 13. Bxf6 Bxf6 14. Bxe6
fxe6 15. O-O b4 16. Na4 Qa5 17. c3 bxc3 18. Nxc3 Bxc3 19. bxc3 Qxc3 20. Qxd6
Qc4 21. Rac1 Qxe4 22. Rxc5 Qg6 23. Rc6 Rae8 24. Rxa6 Rf5 25. Qd7 Rd5 26. Qb7
Rh5 27. Qf3 Rf5 28. Qe4 Rxf2 29. Qxg6 Rxf1+ 30. Kxf1 hxg6 31. a4 Kf7 32. Ke2
Kf6 33. Ra7 Rb8 34. a5 Rb2+ 35. Kf3 Rb3+ 36. Kf2 Rb2+ 37. Kg1 Rb1+ 38. Kh2
Ra1 39. a6 Ra2 40. Ra8 Ra1 41. a7 Kf7 42. Kg3 Ra3+ 43. Kf4 Ra4+ 44. Ke5 Ra5+
45. Kd6 Ra6+ 46. Kc7 Ra1 47. g4 Rc1+ 48. Kb6 Rb1+ 49. Kc7 Rc1+ 50. Kd6 Rd1+
51. Ke5 Re1+ 52. Kf4 Rf1+ 53. Ke3 Re1+ 54. Kd2 Ra1 55. Kc2 Ra6 56. Kb3 Ra1
57. Kb2 Ra6 58. h4 e5 59. g5 Ra4 60. Kc2 Rxh4 61. Rf8+ Kxf8 62. a8=Q+ Kf7
63. Qb7+ Ke6 64. Qc6+ Kf5 65. Qd7+ Kxg5 66. Qxg7 Kf5 67. Qf7+ Kg5 68. Qe6 e4
69. Kd2 Rf4 70. Qe5+ Kg4 71. Ke3 g5 72. Qe6+ Kg3 73. Qg6 Kg4 74. Qd6 Kg3 75.
Qg6 Kg4 76. Qe6+ Kg3 77. Qd6 Kg4 78. Ke2 Kg3 79. Qe5 Kg4 80. Ke3 Kh4 81.
Qh8+ Kg4 82. Qh2 Kf5 83. Qh5 Rf3+ 84. Ke2 Kf4 85. Qf7+ Kg4 86. Qg6 Rf4 87.
Ke3 Kh4 88. Qh6+ Kg4 89. Qh2 Kf5 90. Qh3+ Ke5 91. Qh5 Kf5 92. Qh7+ Kg4 93.
Qd7+ Kg3 94. Qe6 Kh4 95. Qh6+ Kg4 96. Qg6 Kh4 97. Qg7 Kg4 98. Qa1 Kh4 99.
Qg1 Kh5 100. Qg2 Kg6 101. Qh2 Kf5 102. Qh3+ Ke5 103. Qd7 Rf3+ 104. Ke2 Kf4
105. Qd6+ Kg4 106. Qe5 Rf4 107. Ke3 Kh4 108. Qxf4+ gxf4+ 109. Kxf4 e3 110.
Kxe3 {Game drawn because neither player has mating material} 1/2-1/2

[Event "ICC tourney 2069 (15 5)"]
[Site "Internet Chess Club"]
[Date "2020.10.18"]
[Round "7"]
[White "JadeTooth"]
[Black "cooljay"]
[Result "0-1"]
[ICCResult "White resigns"]
[WhiteElo "1518"]
[BlackElo "2034"]
[Opening "Ruy Lopez: exchange variation, Alapin gambit"]
[ECO "C68"]
[NIC "RL.08"]
[Time "18:02:42"]
[TimeControl "900+5"]

1. e4 e5 2. Nf3 Nc6 3. Bb5 a6 4. Bxc6 dxc6 5. O-O Bg4 6. h3 h5 7. d3 Qf6 8.
Nbd2 Ne7 9. b3 Ng6 10. Bb2 Bd6 11. Re1 Be6 12. d4 O-O-O 13. Qe2 Nf4 14. Qf1
Ng6 15. dxe5 Nxe5 16. Nxe5 Bxe5 17. Bxe5 Qxe5 18. Nf3 Qf4 19. e5 Bxh3 20.
gxh3 Qxf3 21. Re3 Qf5 22. Rd3 Qxe5 23. Rxd8+ Rxd8 24. Re1 Qg5+ 25. Qg2 Qf6
26. f3 Kb8 27. Kh2 Qf4+ 28. Kg1 Rd2 29. Re2 Rd1+ 30. Kf2 Qh4+ 31. Qg3 Rf1+
32. Kg2 Rg1+ 33. Kxg1 Qxg3+ 34. Rg2 Qxf3 {White resigns} 0-1

[Event "ICC tourney 2069 (15 5)"]
[Site "Internet Chess Club"]
[Date "2020.10.18"]
[Round "7"]
[White "aryarsh1"]
[Black "Deng16"]
[Result "1-0"]
[ICCResult "Black forfeits on time"]
[WhiteElo "1336"]
[BlackElo "1321"]
[Opening "Giuoco Piano"]
[ECO "C54"]
[NIC "IG.02"]
[Time "18:02:52"]
[TimeControl "900+5"]

1. e4 e5 2. Nf3 Nc6 3. Bc4 Bc5 4. c3 Nf6 5. d4 exd4 6. e5 Ng4 7. cxd4 Bb4+
8. Bd2 d5 9. Bb3 O-O 10. h3 Nh6 11. Bxb4 Nxb4 12. Qd2 Nc6 13. Nc3 Be6 14. g4
f6 15. O-O-O Na5 16. Bc2 Nc4 17. Qd3 f5 18. g5 Nf7 19. h4 g6 20. h5 Nxg5 21.
Nxg5 Qxg5+ 22. Kb1 {Black forfeits on time} 1-0

[Event "ICC tourney 2069 (15 5)"]
[Site "Internet Chess Club"]
[Date "2020.10.18"]
[Round "7"]
[White "agangal1"]
[Black "njchess"]
[Result "1-0"]
[ICCResult "Black checkmated"]
[WhiteElo "1254"]
[BlackElo "822"]
[Opening "Giuoco Piano: four knights variation"]
[ECO "C55"]
[NIC "IG.01"]
[Time "18:03:01"]
[TimeControl "900+5"]

1. e4 e5 2. Nf3 Nc6 3. Bc4 Nf6 4. Nc3 Bc5 5. O-O O-O 6. d3 d6 7. Bg5 Bg4 8.
Nd5 Nd4 9. c3 c6 10. Nxf6+ Kh8 11. Nxg4 f6 12. cxd4 Bxd4 13. Nxd4 exd4 14.
Bd2 Qb6 15. Qe1 Qxb2 16. Rb1 Qa3 17. Bb4 Qa4 18. Bxd6 Rfd8 19. Bc7 Rd7 20.
Bf4 b5 21. Rb4 Qa6 22. Be6 Re7 23. Bb3 c5 24. Rxd4 Qb6 25. Rd6 Qc7 26. Rxf6
Qd8 27. Bd6 Rd7 28. Rf8+ Qxf8 29. Bxf8 Rxf8 30. e5 Rxd3 31. e6 c4 32. e7 Re8
33. Bc2 Ra3 34. Qe6 h5 35. Ne5 Rxa2 36. Ng6+ Kh7 37. Nf8+ Kh8 38. Qg6 Kg8
39. Qh7+ Kf7 40. Qg6+ Kxe7 41. Re1+ Kxf8 42. Rxe8# {Black checkmated} 1-0

[Event "ICC tourney 2069 (15 5)"]
[Site "Internet Chess Club"]
[Date "2020.10.18"]
[Round "7"]
[White "guineapig25"]
[Black "WCCJCM"]
[Result "1-0"]
[ICCResult "Black resigns"]
[WhiteElo "1998"]
[BlackElo "1598"]
[Opening "Sicilian: Najdorf, Opocensky variation"]
[ECO "B92"]
[NIC "SI.11"]
[Time "18:03:23"]
[TimeControl "900+5"]

1. e4 c5 2. Nf3 d6 3. d4 cxd4 4. Nxd4 Nf6 5. Nc3 a6 6. Be2 e5 7. Nb3 Be7 8.
O-O O-O 9. Be3 Be6 10. Kh1 Nbd7 11. f4 exf4 12. Bxf4 Ne5 13. a4 Ng6 14. Be3
d5 15. exd5 Nxd5 16. Nxd5 Qxd5 17. Bf3 Qxd1 18. Raxd1 Rab8 19. Na5 b6 20.
Nc6 Rb7 21. Nxe7+ Rxe7 22. Bxb6 Bc4 23. Rfe1 Rxe1+ 24. Rxe1 Rb8 25. a5 h6
26. Kg1 Nf8 27. b3 Be6 28. Bc6 Nd7 29. Rxe6 fxe6 30. Bxd7 e5 31. Kf2 Rb7 32.
Bc8 Re7 33. Bxa6 e4 34. Bc4+ Kh8 35. a6 {Black resigns} 1-0

[Event "ICC tourney 2069 (15 5)"]
[Site "Internet Chess Club"]
[Date "2020.10.18"]
[Round "7"]
[White "akhilv"]
[Black "patzer2020"]
[Result "0-1"]
[ICCResult "White checkmated"]
[WhiteElo "957"]
[BlackElo "1429"]
[Opening "Sicilian: Najdorf, Opocensky variation"]
[ECO "B92"]
[NIC "SI.10"]
[Time "18:03:07"]
[TimeControl "900+5"]

1. e4 c5 2. Nf3 d6 3. d4 cxd4 4. Nxd4 Nf6 5. Nc3 a6 6. Be2 e5 7. Nf3 Be7 8.
O-O Be6 9. Be3 Nc6 10. h3 Qd7 11. Re1 h6 12. Qd2 O-O-O 13. Bb6 Rdg8 14. a4
g5 15. Nh2 h5 16. a5 h4 17. Na4 g4 18. Be3 Bd8 19. Nxg4 Bxg4 20. hxg4 Nxg4
21. Bf3 h3 22. g3 h2+ 23. Kh1 f5 24. exf5 Qxf5 25. Bxc6 bxc6 26. Nb6+ Bxb6
27. axb6 Qf3# {White checkmated} 0-1

[Event "ICC tourney 2069 (15 5)"]
[Site "Internet Chess Club"]
[Date "2020.10.18"]
[Round "7"]
[White "JonnyTurgi"]
[Black "searchforbobby1"]
[Result "0-1"]
[ICCResult "White resigns"]
[WhiteElo "1954"]
[BlackElo "2052"]
[Opening "Dutch defense, Rubinstein variation"]
[ECO "A40"]
[NIC "QO.17"]
[Time "18:02:49"]
[TimeControl "900+5"]

1. d4 e6 2. c4 f5 3. Nc3 d5 4. Nf3 c6 5. Bf4 Bd6 6. e3 Nf6 7. Bd3 O-O 8. O-O
Be7 9. Qb3 h6 10. h3 Kh7 11. g4 g6 12. Ne5 Nbd7 13. Rad1 Qe8 14. cxd5 Nxe5
15. dxe5 Nxd5 16. Nxd5 cxd5 17. Rc1 Bd8 18. f3 Bb6 19. Kg2 Bd7 20. e4 fxe4
21. fxe4 Bc6 22. Rce1 Qe7 23. Qc2 Kg7 24. Bg3 Rac8 25. Qe2 Rxf1 26. Rxf1 Rf8
27. Rxf8 Qxf8 28. exd5 Bxd5+ 29. Be4 Qc5 30. Bxd5 Qg1+ 31. Kf3 Qh1+ 32. Qg2
Qxg2+ 33. Kxg2 exd5 34. Kf3 Kf7 35. Bf4 g5 36. Be3 Ke6 37. Bxb6 axb6 38. Ke3
Kxe5 39. a4 d4+ 40. Kd3 Kd5 {White resigns} 0-1

[Event "ICC tourney 2069 (15 5)"]
[Site "Internet Chess Club"]
[Date "2020.10.18"]
[Round "7"]
[White "Omk"]
[Black "rjc64uk"]
[Result "1-0"]
[ICCResult "Black checkmated"]
[WhiteElo "1735"]
[BlackElo "2052"]
[Opening "English: four knights, Capablanca variation"]
[ECO "A28"]
[NIC "EO.07"]
[Time "18:03:06"]
[TimeControl "900+5"]

1. c4 e5 2. Nc3 Nf6 3. Nf3 Nc6 4. d3 d5 5. cxd5 Nxd5 6. e4 Nb6 7. Be2 Be7 8.
Be3 O-O 9. d4 exd4 10. Nxd4 Nxd4 11. Qxd4 Qxd4 12. Bxd4 c6 13. f4 f5 14. e5
Be6 15. Bf3 g5 16. g3 Rad8 17. O-O-O g4 18. Bg2 h5 19. h3 Kg7 20. Bf2 Kg6
21. Kc2 Bb4 22. a3 Bxc3 23. Bxb6 axb6 24. Kxc3 Rg8 25. h4 Kf7 26. Rhe1 Ke7
27. a4 Ra8 28. b3 Rgd8 29. Rxd8 Rxd8 30. Bf1 Bd5 31. Rd1 Ke6 32. Bc4 Rc8 33.
Rd4 Rc7 34. Bxd5+ cxd5+ 35. Kd2 Rc8 36. Rb4 Rc6 37. Kd3 Kd7 38. Kd4 Kc7 39.
Kxd5 Kd7 40. Rc4 Rh6 41. b4 Rg6 42. b5 Rh6 43. Rc2 Rg6 44. e6+ Kd8 45. Ke5
Ke7 46. Rc7+ Kd8 47. Rxb7 Rh6 48. Kxf5 Kc8 49. Rxb6 Kc7 50. Rc6+ Kb8 51. e7
Rh8 52. Ke6 Kb7 53. a5 Kb8 54. Kd7 Rh7 55. Rb6+ Ka7 56. Kc8 Rh8+ 57. Kc7 Rb8
58. Ra6# {Black checkmated} 1-0

[Event "ICC tourney 2069 (15 5)"]
[Site "Internet Chess Club"]
[Date "2020.10.18"]
[Round "7"]
[White "blueocean07"]
[Black "AlphaTomato"]
[Result "1-0"]
[ICCResult "Black checkmated"]
[WhiteElo "1314"]
[BlackElo "1405"]
[Opening "King's Indian defense, 3.Nc3"]
[ECO "E61"]
[NIC "KI.80"]
[Time "18:02:55"]
[TimeControl "900+5"]

1. d4 Nf6 2. c4 g6 3. Nc3 Bg7 4. Bg5 h6 5. Bh4 d6 6. e3 Bf5 7. Nf3 Bg4 8.
Be2 c6 9. h3 Bc8 10. O-O O-O 11. Qc2 Bf5 12. e4 Be6 13. d5 cxd5 14. cxd5 Bc8
15. Rac1 Nbd7 16. Nb5 b6 17. Nfd4 Bb7 18. Nc6 Bxc6 19. dxc6 Nc5 20. Bf3 a6
21. Nc3 Qc7 22. b4 Ne6 23. Bxf6 Bxf6 24. Nd5 Qa7 25. Qd2 Bg5 26. Ne3 f5 27.
exf5 Rxf5 28. Bd5 Rf6 29. f4 Bh4 30. Ng4 Rff8 31. Bxe6+ Kg7 32. c7 b5+ 33.
Kh1 Qb7 34. f5 Bg5 35. Qc3+ Bf6 36. Nxf6 exf6 37. Qg3 g5 38. Qxd6 Kh8 39.
c8=Q Raxc8 40. Bxc8 Rxc8 41. Qxf6+ Kg8 42. Qe6+ Kg7 43. Rxc8 Qf7 44. Qe5+
Kh7 45. Qh8# {Black checkmated} 1-0

[Event "ICC tourney 2069 (15 5)"]
[Site "Internet Chess Club"]
[Date "2020.10.18"]
[Round "7"]
[White "prajit5803"]
[Black "sayhi2tejas"]
[Result "1/2-1/2"]
[ICCResult "Game drawn by mutual agreement"]
[WhiteElo "1158"]
[BlackElo "1173"]
[Opening "Two knights defense (Modern bishop's opening)"]
[ECO "C55"]
[NIC "IG.01"]
[Time "18:02:50"]
[TimeControl "900+5"]

1. e4 e5 2. Nf3 Nc6 3. Bc4 Nf6 4. d3 h6 5. Nc3 d6 6. h3 Na5 7. Bb3 Nxb3 8.
axb3 Be6 9. Be3 Be7 10. O-O c5 11. Nb5 a6 12. Nc3 O-O 13. Qd2 b5 14. Ne2 a5
15. Ra2 b4 16. Rfa1 Qc7 17. Qe1 Ra6 18. Nd2 d5 19. exd5 Bxd5 20. Nc4 Rfa8
21. c3 Be6 22. cxb4 cxb4 23. Bb6 Rxb6 24. Nxb6 Qxb6 25. Ng3 Bxb3 26. Qxe5
Bxa2 27. Rxa2 Ra6 28. Qxe7 Qd4 29. Qe3 Rd6 30. Rxa5 Qxe3 31. fxe3 Rxd3 32.
Kf2 Rd2+ 33. Kf3 Rxb2 34. Rb5 Nd7 35. Ne4 f6 36. Nf2 Ne5+ 37. Kg3 Rb3 38.
Ng4 Nxg4 39. Kxg4 Rxe3 40. Rxb4 Kh7 41. Rb7 Re2 42. g3 Re4+ 43. Kf5 Re3 44.
Kf4 Re5 45. h4 Kg6 46. g4 h5 47. Rb1 hxg4 48. Kxg4 Re4+ 49. Kh3 Kf5 50. Rf1+
Kg6 51. Rg1+ Kh7 52. Rg2 Re3+ 53. Kh2 Re4 54. Kh3 Re3+ 55. Kh2 Kh6 56. Rg1
g5 57. hxg5+ fxg5 58. Kg2 Re2+ 59. Kf3 Rh2 60. Kg4 Rh4+ 61. Kf5 Kh5 62.
Rxg5+ Kh6 63. Rg8 Kh7 64. Rg1 Rh5+ 65. Kg4 Rh6 66. Kf5 Rh5+ 67. Kf4 Rh4+ 68.
Kf3 Rh3+ 69. Kf2 Rh2+ 70. Kf1 Rh6 {Game drawn by mutual agreement} 1/2-1/2

[Event "ICC tourney 2069 (15 5)"]
[Site "Internet Chess Club"]
[Date "2020.10.18"]
[Round "7"]
[White "mexicoreal"]
[Black "mortonaw"]
[Result "1-0"]
[ICCResult "Black checkmated"]
[WhiteElo "1935"]
[BlackElo "1579"]
[Opening "Two knights defense"]
[ECO "C58"]
[NIC "KP.01"]
[Time "18:02:40"]
[TimeControl "900+5"]

1. e4 e5 2. Nf3 Nc6 3. Bc4 Nf6 4. Ng5 d5 5. exd5 Na5 6. Bb5+ Bd7 7. Qe2 Bd6
8. d4 O-O 9. dxe5 Bxe5 10. Bxd7 Qxd7 11. O-O Rfe8 12. Qd3 Qxd5 13. Qxd5 Nxd5
14. Nf3 Bf6 15. c3 g6 16. Nbd2 Nf4 17. Nb3 Nxb3 18. axb3 Ne2+ 19. Kh1 Nxc1
20. Raxc1 Re2 21. Rb1 Rd8 22. g3 a6 23. Kg2 b5 24. b4 Rd6 25. Rfe1 Rde6 26.
Kf1 Rxe1+ 27. Rxe1 Rd6 28. Ke2 Bg7 29. Rd1 Re6+ 30. Kf1 Bf6 31. Rd7 Rc6 32.
Nd2 Kf8 33. Nb3 Ke8 34. Rd5 Ke7 35. Nc5 h5 36. Rd1 a5 37. Nd3 axb4 38. Nxb4
Rd6 39. Re1+ Kd7 40. Re2 c5 41. Nc2 Bg5 42. f4 Bf6 43. Ne3 b4 44. cxb4 cxb4
45. Nc4 Rd1+ 46. Kg2 Rd4 47. b3 Rxc4 48. bxc4 b3 49. Kf3 b2 50. Re1 Kc6 51.
Ke4 Kc5 52. Kd3 h4 53. g4 g5 54. fxg5 Bg7 55. Kc2 Kxc4 56. Rf1 Be5 57. Rxf7
Bxh2 58. g6 h3 59. g7 Be5 60. g8=Q h2 61. Rh7+ Kd4 62. Kxb2 Ke4+ 63. Kc2 Kf4
64. Qg6 Kg3 65. Qh5 Bb8 66. Qxh2+ Kxg4 67. Qxb8 Kg5 68. Qf8 Kg6 69. Rg7+ Kh6
70. Qh8# {Black checkmated} 1-0

[Event "ICC tourney 2069 (15 5)"]
[Site "Internet Chess Club"]
[Date "2020.10.18"]
[Round "7"]
[White "SenileOyster"]
[Black "tangent"]
[Result "1-0"]
[ICCResult "Black resigns"]
[WhiteElo "1849"]
[BlackElo "2257"]
[Opening "Queen's Indian defense"]
[ECO "A47"]
[NIC "QP.06"]
[Time "18:02:46"]
[TimeControl "900+5"]

1. d4 Nf6 2. Nf3 b6 3. Bg5 e6 4. e3 Bb7 5. Bd3 d6 6. c4 Nbd7 7. Nc3 g6 8.
O-O Bg7 9. e4 h6 10. Bh4 e5 11. dxe5 dxe5 12. Qe2 g5 13. Bg3 Nh5 14. Bc2 Nf4
15. Qe3 c6 16. Rad1 Qe7 17. h4 Nc5 18. b4 Nce6 19. a3 Nd4 20. Rd2 O-O-O 21.
Rfd1 Nxc2 22. Rxc2 Rxd1+ 23. Nxd1 Qe6 24. c5 b5 25. Rd2 f6 26. Rd6 Qf7 27.
Qd2 Kc7 28. Ne3 Bc8 29. Qd1 Bf8 30. Rd2 Be7 31. a4 a6 32. axb5 axb5 33. Qa1
Kb8 34. Qa5 Ne6 35. Qb6+ Bb7 36. Rd7 Nd8 37. Nf5 Re8 38. Nd6 Bxd6 39. Rxf7
Nxf7 40. cxd6 Nxd6 41. Qe3 c5 42. bxc5 Nxe4 43. Qb3 Bc6 44. Kh2 Nxc5 45. Qf7
Re6 46. h5 b4 47. Qf8+ Kb7 48. Qxc5 Bxf3 49. gxf3 b3 50. Qd5+ {Black
resigns} 1-0

[Event "ICC tourney 2069 (15 5)"]
[Site "Internet Chess Club"]
[Date "2020.10.18"]
[Round "7"]
[White "f5"]
[Black "StevenRojasS"]
[Result "1-0"]
[ICCResult "Black resigns"]
[WhiteElo "2150"]
[BlackElo "1825"]
[Opening "Scotch game"]
[ECO "C45"]
[NIC "SO.05"]
[Time "18:02:48"]
[TimeControl "900+5"]

1. e4 e5 2. Nf3 Nc6 3. d4 exd4 4. Nxd4 Bc5 5. Be3 Qf6 6. c3 Nge7 7. Bc4 Ne5
8. Be2 Qg6 9. O-O Qxe4 10. Nd2 Qg6 11. Bh5 Qd3 12. Be2 Qg6 13. Bh5 Qd6 14.
Ne4 Qd5 15. Nxc5 Qxc5 16. Nf5 Qc6 17. Nxe7 Kxe7 18. f4 Nc4 19. Bd4 Kf8 20.
Bf3 Qh6 21. Qe2 Qe6 22. Qf2 d6 23. Rae1 Qd7 24. b3 Nb6 25. Qg3 Rg8 26. c4 c5
27. Bb2 Qc7 28. Be4 f5 29. Bf3 Bd7 30. Qh4 Be8 31. Qxh7 Qf7 32. Re2 Bd7 33.
Rfe1 Re8 34. Bh5 Rxe2 35. Rxe2 g6 36. Qh6+ Rg7 37. Bxg7+ Qxg7 38. Qxg7+ Kxg7
39. Bf3 Kf6 40. Bxb7 a5 41. h4 a4 42. Kf2 Be6 43. Rd2 Ke7 44. g3 a3 45. Ke3
Bf7 46. Kd3 Be6 47. Kc3 Bf7 48. Bf3 Be6 49. h5 gxh5 50. Bxh5 d5 51. Be2 d4+
52. Kc2 Nd7 53. Bf3 Nf6 54. Re2 Kd6 55. Kd3 Nd7 56. Rh2 Nf6 57. Rh6 Ke7 58.
b4 cxb4 59. Kxd4 Nd7 60. Bd1 Kd6 61. Rxe6+ Kxe6 62. c5 Nf6 63. Kc4 Ne4 64.
Kxb4 Nxg3 65. Bf3 Nf1 66. Kxa3 Nd2 67. Bg2 Nc4+ 68. Kb4 Ne3 69. Bf3 Nc4 70.
Kxc4 {Black resigns} 1-0

[Event "ICC tourney 2069 (15 5)"]
[Site "Internet Chess Club"]
[Date "2020.10.18"]
[Round "7"]
[White "spellking98"]
[Black "steinutz"]
[Result "0-1"]
[ICCResult "White resigns"]
[WhiteElo "1967"]
[BlackElo "1780"]
[Opening "Scandinavian: Pytel-Wade variation"]
[ECO "B01"]
[NIC "SD.02"]
[Time "18:03:03"]
[TimeControl "900+5"]

1. e4 d5 2. exd5 Qxd5 3. Nc3 Qd6 4. d4 c6 5. Bc4 Nf6 6. Nge2 Bf5 7. Bf4 Qb4
8. Bb3 e6 9. O-O Nbd7 10. a3 Qa5 11. d5 cxd5 12. Nd4 Bg4 13. f3 Bh5 14. Ncb5
Rc8 15. Re1 Bc5 16. Kh1 O-O 17. g4 Bg6 18. h4 h6 19. h5 Bh7 20. Nc3 Rfe8 21.
Bh2 e5 22. Nf5 Bxf5 23. gxf5 Bd4 24. Ne2 Bxb2 25. Ra2 Bc3 26. Rg1 Nc5 27. f4
Nce4 28. Qf1 Nxh5 29. Qf3 Nef6 30. Qg2 e4 31. a4 Kh8 32. Qh3 Bd2 33. Raa1
Re7 34. Rad1 e3 35. Rdf1 d4 36. Rf3 Qb6 37. Ba2 Rxc2 38. Bb1 Rb2 39. Bd3 Rb3
40. Bc4 Rb2 41. Bd3 Rb3 42. Bc4 Rb1 43. Rff1 Rb4 44. Bd3 Rxa4 45. Ng3 Nxf4
46. Rxf4 Qc6+ 47. Qg2 Qc3 48. Be2 d3 49. Bd1 Rxf4 50. Ne2 Rg4 51. Qxg4 Nxg4
52. Nxc3 Nf2+ 53. Kg2 Bxc3 54. Bf3 Ne4 55. Bxe4 Rxe4 56. Kf3 Re8 57. Bg3 e2
58. Rb1 e1=Q 59. Bxe1 Bxe1 60. Rxb7 d2 61. Rd7 Kg8 62. Kf4 a5 63. f6 g5+ 64.
Kf5 a4 65. Re7 Rd8 {White resigns} 0-1